 Dungeon Crawl Stone Soup version 0.28-a0-687-gb91baff9cc (webtiles) character file.

Game seed: 11634904293737317796

99 mordus the Shield-Bearer (level 5, -2/41 HPs)
             Began as a Formicid Fighter on Oct 19, 2021.
             Slain by Grinder (5 damage)
             ... on level 2 of the Dungeon.
             The game lasted 00:03:56 (4221 turns).

mordus the Shield-Bearer (Formicid Fighter)         Turns: 4221, Time: 00:03:56

Health: -2/41      AC:  7    Str: 21    XL:     5   Next: 2%
Magic:  5/5        EV:  9    Int:  8    God:
Gold:   97         SH:  4    Dex: 10    Spells: 4/4 levels left

rFire   . . .      SeeInvis +   a - +0 flail
rCold   . . .      Faith    .   c - +0 buckler
rNeg    . . .      Spirit   .   b - +0 scale mail
rPois   .          Reflect  .   (helmet unavailable)
rElec   .          Harm     .   (no cloak)
rCorr   .          Rampage  .   (no gloves)
Will    .....                   (no boots)
Stlth   ..........              (no amulet)
HPRegen 0.13/turn               (no ring)
MPRegen 0.09/turn               (no ring)

@: mighty, brilliant, attractive
A: permanent stasis, dig shafts and tunnels, antennae 3, four strong arms
a: Dig, Shaft Self


You were on level 2 of the Dungeon.
You visited 1 branch of the dungeon, and saw 3 of its levels.

You collected 97 gold pieces.

Inventory:

Hand Weapons
 a - a +0 flail (weapon)
Armour
 b - a +0 scale mail (worn)
 c - a +0 buckler (worn)
Scrolls
 e - a scroll of torment {unknown}
 g - a scroll of enchant armour {unknown}
 i - 2 scrolls of identify {unknown}
 k - a scroll of teleportation {unknown}
Potions
 h - a potion of attraction


   Skills:
 - Level 3.2 Fighting
 * Level 3.6 Maces & Flails
 + Level 4.0 Armour
 + Level 4.4 Shields


You had 4 spell levels left.
You didn't know any spells.
Your spell library was empty.

Dungeon Overview and Level Annotations

Branches:
Dungeon (3/15)

Altars:

Annotations:
D:2 Grinder


Innate Abilities, Weirdness & Mutations

You cannot be hasted, slowed, berserked, paralysed or teleported.
You can dig through walls and to a lower floor.
You have a pair of large antennae on your head. (SInv)
Your four strong arms can wield two-handed weapons with a shield.


Message History

Grinder gestures at you. You resist with significant effort.
Grinder blinks!
Grinder is attracted toward you. Grinder hits you.
There is a stone staircase leading down, spattered with blood here.
You hit Grinder.
Grinder is moderately wounded.
Grinder barely misses you.
You hit Grinder but do no damage.
Grinder is moderately wounded.
Grinder hits you but does no damage.
You hit Grinder.
Grinder is moderately wounded.
Grinder hits you.
* * * LOW HITPOINT WARNING * * *
You writhe in agony.
* * * LOW HITPOINT WARNING * * *
You barely miss Grinder.
Grinder is moderately wounded.
Grinder misses you.
You closely miss Grinder.
Grinder is moderately wounded.
Grinder gestures at you. You resist with significant effort.
Grinder blinks!
Grinder is attracted toward you.
You feel very mighty all of a sudden. Grinder completely misses you.
You sock Grinder!
Grinder is severely wounded.
Grinder gestures at you.
Your stasis prevents you from being paralysed.
You barely miss Grinder.
Grinder is severely wounded.
Grinder gestures at you. Pain shoots through your body!
* * * LOW HITPOINT WARNING * * *
You sock Grinder!
Grinder is almost dead.
Grinder hits you.
You die...

##### ###
....#############(###############
##..............@5...............
#..########...))...........#####
#..# #.##############.# ##..# #.#
#........# ##..########.#
####.#####..#
.............####...........#
##..###..............#####.##
.#..# #.#########.#### #.# ....#
#.# #.# #.# ###


You could see Grinder.

Vanquished Creatures
  An orc wizard (D:2)
  3 gnolls (D:2)
  An adder (D:2)
  3 orcs (D:2)
  4 bats
  3 goblins
  2 hobgoblins (D:2)
  8 jackals
  2 ball pythons (D:1)
  A frilled lizard (D:1)
  4 kobolds
  A rat (D:1)
33 creatures vanquished.

Vanquished Creatures (others)
  A ball python (D:3)
  A plant (D:1)
2 creatures vanquished.

Grand Total: 35 creatures vanquished

Notes
Turn   | Place    | Note
-------+----------+-------------------------------------------
     0 | D:1      | mordus the Formicid Fighter began the quest for the Orb.
     0 | D:1      | Reached XP level 1. HP: 18/18 MP: 1/1
   249 | D:1      | Reached XP level 2. HP: 19/24 MP: 2/2
   310 | D:1      | Found a faded altar of an unknown god.
  1565 | D:2      | Reached XP level 3. HP: 5/29 MP: 3/3
  2249 | D:2      | Reached XP level 4. HP: 14/35 MP: 4/4
  3009 | D:3      | Noticed Grinder
  4072 | D:2      | Reached XP level 5. HP: 25/41 MP: 5/5
  4221 | D:2      | Slain by Grinder

Illustrated notes

Levels and vault maps discovered:
D:1:      ncdulo_smallfort, layout_basic,
          shapermc_ecumenical_altar_mp_ritualfount, lemuel_old_faithful
D:2:      layout_loops_ring, st_stairs_7, item_on_display_a
D:3:      layout_loops_ring, mainiacjoe_overflow_concentric_impassable,
          mainiacjoe_overflow_six_doors_small, serial_bayou,
          serial_bayou_lagoon_b, serial_bayou_pond_c, serial_bayou_pond_d,
          serial_bayou_crossing, portal_sewer_entry_e, uniq_robin, uniq_grinder,
          uniq_ijyb

Skill      XL: |  1  2  3  4 |
---------------+-------------+-----
Shields        | 4 |  4.4
Maces & Flails | 3 |  3.6
Armour         | 4 |  4.0
Fighting       | |  3.2

Action                   |  1- 3 |  4- 6 || total
-------------------------+-------+-------++-------
Melee: Flail             |    88 |   113 ||   201
  Use: Potion            |       |     4 ||     4
Armor: Scale mail        |    35 |    56 ||    91
Dodge: Dodged            |    34 |    54 ||    88
Block: Buckler           |    29 |    29 ||    58

Table legend: (Time is in decaauts)
 A = Elapsed time spent in this place.
 B = Non-inter-level travel time spent in this place.
 C = Inter-level travel time spent in this place.
 D = Time resting spent in this place.
 E = Time spent auto-exploring this place.
 F = Levels seen in this place.
 G = Mean time per level.
                   A        B        C        D        E       F      G
               +--------+--------+--------+--------+--------+-----+--------+
         Total |   4276 |   4153 |    123 |   2029 |   1651 |   3 | 1425.3 |
       Dungeon |   4276 |   4153 |    123 |   2029 |   1651 |   3 | 1425.3 |
               +--------+--------+--------+--------+--------+-----+--------+

Top non-repeatable levels by time:
     D:2: 2651 daAuts
     D:1: 1504 daAuts
     D:3: 120 daAuts
